Workbook

Sheet Presupuesto DAC 1 semestre 2026
C3: dac2014 | D3: Presupuesto Unitario Medio - Series 6 capitulos 1er semestre 2026 | E3: Preproducción | F3: 2 | G3: Días rodaje | H3: 40
E4: Rodaje | F4: 2 | G4: Cot. Dólar | H4: 1500
E5: Postproducción | F5: 6 | G5: Capítulos | H5: 6
D6: RUBROS | H6: TOTAL | I6: IVA | J6: Total c/IVA
C8: 1 | D8: LIBRO/ ARGUMENTO /GUION (conforme argentores, incl 1 guionista, no incl desarrollo de biblia y personajes) | H8: =H80 -> 54600000 | I8: =+I80 -> 11340000 | J8: =SUM(H8:I8) -> 65940000 | K8: =100/$H$62*H8 -> 1.9774778 | L8: %
C10: 2 | D10: DIRECCION (conforme DAC-SATSAID, incl 1 director, no incl a todos los que puedan participar en el rubro) | H10: =H86 -> 150000000 | I10: =+I86 -> 31500000 | J10: =SUM(H10:I10) -> 181500000 | K10: =100/$H$62*H10 -> 5.4326312 | L10: %
C12: 3 | D12: =D88 -> PRODUCCION | H12: =H93 -> 80000000 | I12: =+I93 -> 16800000 | J12: =SUM(H12:I12) -> 96800000 | K12: =100/$H$62*H12 -> 2.8974033 | L12: %
C14: 4 | D14: =D95 -> EQUIPO TECNICO | H14: =+H551 -> 6.754258e+08 | J14: =SUM(H14:I14) -> 6.754258e+08 | K14: =100/$H$62*H14 -> 24.462262 | L14: %
C16: 5 | D16: ELENCO | H16: =H587 -> 2.9900004e+08 | J16: =SUM(H16:I16) -> 2.9900004e+08 | K16: =100/$H$62*H16 -> 10.829046 | L16: %
C18: 6 | D18: CARGAS SOCIALES | H18: =H594 -> 2.5259204e+08 | J18: =SUM(H18:I18) -> 2.5259204e+08 | K18: =100/$H$62*H18 -> 9.1482626 | L18: %
C20: 7 | D20: =D596 -> VESTUARIO | H20: =H610 -> 51985632 | I20: =+I610 -> 10916983 | J20: =SUM(H20:I20) -> 62902615 | K20: =100/$H$62*H20 -> 1.8827918 | L20: %
C22: 8 | D22: =D612 -> MAQUILLAJE | H22: =H619 -> 8804000 | I22: =+I619 -> 1401540 | J22: =SUM(H22:I22) -> 10205540 | K22: =100/$H$62*H22 -> 0.31885924 | L22: %
C24: 9 | D24: =D621 -> UTILERIA/AMBIENTACIÓN | H24: =H626 -> 31524000 | I24: =+I626 -> 6620040 | J24: =SUM(H24:I24) -> 38144040 | K24: =100/$H$62*H24 -> 1.1417218 | L24: %
C26: 10 | D26: =D628 -> ESCENOGRAFIA | H26: =H632 -> 42884000 | I26: =+I632 -> 9005640 | J26: =SUM(H26:I26) -> 51889640 | K26: =100/$H$62*H26 -> 1.553153 | L26: %
C28: 11 | D28: =D634 -> LOCACIONES | H28: =H655 -> 128239728 | I28: =+I655 -> 23470356 | J28: =SUM(H28:I28) -> 151710084 | K28: =100/$H$62*H28 -> 4.6445277 | L28: %
C30: 12 | D30: =D657 -> MATERIAL DE ARCHIVO | H30: =H660 -> 2414000 | I30: =+I660 -> 506940 | J30: =SUM(H30:I30) -> 2920940 | K30: =100/$H$62*H30 -> 0.087429145 | L30: %
C32: 13 | D32: =D662 -> MUSICA | H32: =H668 -> 25000000 | I32: =+I668 -> 0 | J32: =SUM(H32:I32) -> 25000000 | K32: =100/$H$62*H32 -> 0.90543854 | L32: %
C34: 14 | D34: =D670 -> LAB & MEDIA MANAGEMENT | H34: =H676 -> 43697684 | I34: =+I676 -> 9176513.6 | J34: =SUM(H34:I34) -> 52874198 | K34: =100/$H$62*H34 -> 1.5826227 | L34: %
C36: 15 | D36: =D678 -> PROCESO DE POSTPRODUCCIÓN | H36: =H687 -> 140436000 | I36: =+I687 -> 29491560 | J36: =SUM(H36:I36) -> 169927560 | K36: =100/$H$62*H36 -> 5.0862467 | L36: %
C38: 16 | D38: =D689 -> PROCESOS DE SONIDO | H38: =H693 -> 50391000 | I38: =+I693 -> 10582110 | J38: =SUM(H38:I38) -> 60973110 | K38: =100/$H$62*H38 -> 1.8250381 | L38: %
C40: 17 | D40: =D695 -> EQUIPOS DE CAMARAS/LUCES/SONIDO | H40: =H728 -> 174702300 | I40: =+I728 -> 36687483 | J40: =SUM(H40:I40) -> 211389783 | K40: =100/$H$62*H40 -> 6.3272878 | L40: %
C42: 18 | D42: =D730 -> EFECTOS ESPECIALES | H42: =H734 -> 6000000 | I42: =+I734 -> 1260000 | J42: =SUM(H42:I42) -> 7260000 | K42: =100/$H$62*H42 -> 0.21730525 | L42: %
C44: 19 | D44: =D736 -> MOVILIDAD | H44: =H763 -> 91206600 | I44: =+I763 -> 17036166 | J44: =SUM(H44:I44) -> 108242766 | K44: =100/$H$62*H44 -> 3.3032788 | L44: %
C46: 20 | D46: =D765 -> FUERZA MOTRIZ | H46: =H772 -> 38449600 | I46: =+I772 -> 8074416 | J46: =SUM(H46:I46) -> 46524016 | K46: =100/$H$62*H46 -> 1.39255 | L46: %
C48: 21 | D48: =D774 -> COMIDAS | H48: =H781 -> 70760000 | I48: =+I781 -> 13230000 | J48: =SUM(H48:I48) -> 83990000 | K48: =100/$H$62*H48 -> 2.5627532 | L48: %
C50: 22 | D50: =D783 -> ADMINISTRACION | H50: =H797 -> 31151960 | I50: =+I797 -> 3929679.6 | J50: =SUM(H50:I50) -> 35081640 | K50: =100/$H$62*H50 -> 1.1282474 | L50: %
C52: 23 | D52: =D799 -> SEGUROS | H52: =H803 -> 3544046 | I52: =+I803 -> 744249.66 | J52: =SUM(H52:I52) -> 4288295.7 | K52: =100/$H$62*H52 -> 0.12835663 | L52: %
C54: 24 | D54: PRENSA | H54: =+H807 -> 0 | I54: =+I807 -> 0 | J54: =SUM(H54:I54) -> 0 | K54: =100/$H$62*H54 -> 0 | L54: %
C56: 25 | D56: =D809 -> SEGURIDAD | H56: =H811 -> 72000000 | I56: =+I811 -> 15120000 | J56: =SUM(H56:I56) -> 87120000 | K56: =100/$H$62*H56 -> 2.607663 | L56: %
C58: 26 | D58: IMPUESTOS | H58: =+H817 -> 1.6054031e+08 | I58: =+I817 -> 0 | J58: =SUM(H58:I58) -> 1.6054031e+08 | K58: =100/$H$62*H58 -> 5.8143755 | L58: %
C60: 27 | D60: CONTINGENCIA | H60: =H821 -> 75744253 | I60: =+I821 -> 12725034 | J60: =SUM(H60:I60) -> 88469287 | K60: =100/$H$62*H60 -> 2.7432706 | L60: % | T60: =8000*103 -> 824000
C62: DAC2015 | F62: TOTALES | H62: =SUM(H60+H58+H56+H54+H52+H50+H48+H46+H44+H42+H40+H38+H36+H34+H32+H30+H28+H26+H24+H22+H20+H18+H16+H14+H12+H10+H8) -> 2.761093e+09 | I62: =SUM(I60+I58+I56+I54+I52+I50+I48+I46+I44+I42+I40+I38+I36+I34+I32+I30+I28+I26+I24+I22+I20+I18+I16+I14+I12+I10+I8) -> 2.6961871e+08 | J62: =SUM(H62:I62) -> 3.0307117e+09
F64: TOTAL GENERAL | H64: =+H62 -> 2.761093e+09 | I64: =+I62 -> 2.6961871e+08 | J64: =+J62 -> 3.0307117e+09
F65: TOTAL USD | H65: =+H64/$H$4 -> 1840728.7 | I65: =+I64/$H$4 -> 179745.81 | J65: =+J64/$H$4 -> 2020474.5
F67: COSTO EPISODICO | H67: =+J65/H5 -> 336745.74
D71: DESGLOSE POR RUBROS
C73: 1 | D73: LIBRO / ARGUMENTO / GUION | E73: Unidad | F73: Importe | G73: Cantidad | H73: TOTAL | I73: IVA | J73: Total c/IVA
D74: LIBRO ORIGINAL | E74: Total | G74: 0 | H74: =F74*G74 -> 0 | I74: 0 | J74: =H74+I74 -> 0
D75: GUION | E75: Total | F75: =6000*H4 -> 9000000 | G75: 6 | H75: =F75*G75 -> 54000000 | I75: =+H75*21% -> 11340000 | J75: =H75+I75 -> 65340000
D76: STORY BOARD | E76: Total | F76: 0 | G76: 0 | H76: =F76*G76 -> 0 | I76: 0 | J76: =H76+I76 -> 0
D77: RESCRITURAS | E77: Total | F77: 0 | G77: 0 | H77: =F77*G77 -> 0 | I77: 0 | J77: =H77+I77 -> 0
D78: COPISTERIA | E78: Total | F78: 600000 | G78: 1 | H78: =F78*G78 -> 600000 | I78: 0 | J78: =H78+I78 -> 600000
D79: OTROS - Desarrollo | E79: Total | F79: 0 | G79: 0 | H79: =F79*G79 -> 0 | I79: 0 | J79: =H79+I79 -> 0
C80: =SUM(C74:C79) -> 0 | F80: TOTAL RUBRO 1 | G80: TOTALES | H80: =SUM(H74:H79) -> 54600000 | I80: =SUM(I74:I79) -> 11340000 | J80: =H80 -> 54600000
C82: 2 | D82: DIRECCION | E82: Unidad | F82: Importe | G82: Cantidad | H82: TOTAL | I82: IVA | J82: Total c/IVA
C83: 1 | D83: DIRECTOR | E83: Total | F83: 25000000 | G83: 6 | H83: =F83*G83 -> 150000000 | I83: =H83*21% -> 31500000 | J83: =H83+I83 -> 181500000
D84: CO-DIRECTOR | E84: Total | F84: 0 | G84: 1 | H84: =F84*G84 -> 0 | I84: 0 | J84: =H84 -> 0
D85: OTROS - COREOGRAFO / DIRECTOR MUSICAL / COACH | E85: Total | F85: 0 | G85: 1 | H85: =F85*G85 -> 0 | I85: 0 | J85: =H85 -> 0
C86: =SUM(C83:C85) -> 1 | F86: TOTAL RUBRO 2 | G86: TOTALES | H86: =SUM(H83:H85) -> 150000000 | I86: =SUM(I83:I85) -> 31500000 | J86: =SUM(J83:J85) -> 181500000
C88: 3 | D88: PRODUCCION | E88: Unidad | F88: Importe | G88: Cantidad | H88: TOTAL | I88: IVA | J88: Total c/IVA
D89: DIRECTOR DE PRODUCCION | E89: Total | F89: 0 | G89: 0 | H89: =F89*G89 -> 0 | I89: 0 | J89: =H89 -> 0
C90: 1 | D90: PRODUCTOR EJECUTIVO | E90: Total | F90: 8000000 | G90: 10 | H90: =F90*G90 -> 80000000 | I90: =H90*21% -> 16800000 | J90: =H90+I90 -> 96800000
D91: PRODUCTOR DELEGADO | E91: Total | F91: 0 | G91: 0 | H91: =F91*G91 -> 0 | I91: 0 | J91: =H91 -> 0
D92: SECRETARIA PRODUCCION | E92: Mes | F92: 0 | G92: 0 | H92: =F92*G92 -> 0 | I92: 0 | J92: =H92 -> 0
C93: =SUM(C89:C92) -> 1 | F93: TOTAL RUBRO 3 | G93: TOTALES | H93: =SUM(H89:H92) -> 80000000 | I93: =SUM(I89:I92) -> 16800000 | J93: =SUM(J89:J92) -> 96800000
C95: 4 | D95: EQUIPO TECNICO | E95: Unidad | F95: Importe | G95: Cantidad | H95: TOTAL | I95: IVA | J95: Total c/IVA
D96: BASE: Lunes a Viernes 7 hs diarias + 3 extras diarias = 10 hs totales. Valores con Vigencia 1er semestre 2026 (con paritarias estimadas en un 12%)
D97: PRODUCCION DE OFICINA
C98: 1 | D98: COORDINADOR DE PRODUCCION (CAT 1) | E98: =' Tablas SAT, AAA & Sutep'!U4 -> 2481080.3
D99: Preproducción | E99: Mens | F99: =E98 -> 2481080.3 | G99: 2 | H99: =+G99*F99 -> 4962160.7
D100: Rodaje | E100: Mens | F100: =F99 -> 2481080.3 | G100: 2 | H100: =+G100*F100 -> 4962160.7
D101: Hs Extras x Mes. | E101: =22*3 -> 66 | F101: =(F100/150)*2 -> 33081.071 | G101: 5.5 | H101: =E101*F101*G101 -> 12008429
D102: Sábados | E102: Días | F102: 0 | H102: =+G102*F102 -> 0
D103: Domingos | E103: Días | F103: 0 | H103: =+G103*F103 -> 0
D104: Posproducción | E104: Mes | F104: =F100 -> 2481080.3 | G104: 6 | H104: =+G104*F104 -> 14886482
D105: Meses trabajados | E105: Total | F105: =+G99+G100+G104 -> 10 | G105: Remun. Bruta | H105: =SUM(H99:H104) -> 36819232
D106: SAC | E106: Total | H106: =H105*8.33% -> 3067042.1
D107: VAC no gozadas | E107: Total | H107: =H105*7% -> 2577346.3 | I107: 0 | J107: =+(H105+H106+H107)*C98 -> 42463621
C109: 1 | D109: PRODUCTOR DE OFICINA (CAT 3) | E109: =' Tablas SAT, AAA & Sutep'!U6 -> 1533732.6
D110: Preproducción | E110: Mens | G110: 2 | H110: =+G110*F110 -> 0
D111: Rodaje | E111: Mens | F111: =E109 -> 1533732.6 | G111: 2 | H111: =+G111*F111 -> 3067465.2
D112: Hs Extras x Mes. | E112: =22*3 -> 66 | F112: =(F111/150)*2 -> 20449.768 | G112: 5.5 | H112: =+G112*F112*E112 -> 7423265.7
D113: Sábados | E113: Días | F113: 0 | H113: =+G113*F113 -> 0
D114: Domingos | E114: Días | F114: 0 | H114: =+G114*F114 -> 0
D115: Posproducción | E115: Mes | F115: =F111 -> 1533732.6 | G115: 0 | H115: =+G115*F115 -> 0
D116: Meses trabajados | E116: Total | F116: =+G110+G111+G115 -> 4 | G116: Remun. Bruta | H116: =SUM(H110:H115) -> 10490731
D117: SAC | E117: Total | H117: =H116*8.33% -> 873877.89
D118: VAC no gozadas | H118: =H116*7% -> 734351.17 | I118: 0 | J118: =+(H116+H117+H118)*C109 -> 12098960
C120: 2 | D120: ASISTENTE DE PRODUCCION OFICINA (CAT 6) | E120: =' Tablas SAT, AAA & Sutep'!U9 -> 1204923.8
D121: Preproducción | E121: Mens | F121: =E120 -> 1204923.8 | G121: 2 | H121: =+G121*F121 -> 2409847.7
D122: Rodaje | E122: Mens | F122: =F121 -> 1204923.8 | G122: 2 | H122: =+G122*F122 -> 2409847.7
D123: Hs Extras x Mes. | E123: =22*3 -> 66 | F123: =(F122/150)*2 -> 16065.651 | G123: 5 | H123: =+G123*F123*E123 -> 5301664.9
D124: Sábados | E124: Días | F124: 0 | H124: =+G124*F124 -> 0
D125: Domingos | E125: Días | F125: 0 | H125: =+G125*F125 -> 0
D126: Posproducción | E126: Mes | F126: =F122 -> 1204923.8 | G126: 0 | H126: =+G126*F126 -> 0
D127: Meses trabajados | E127: Total | F127: =G121+G122+G126 -> 4 | G127: Remun. Bruta | H127: =SUM(H121:H126) -> 10121360
D128: SAC | E128: Total | H128: =H127*8.33% -> 843109.31
D129: VAC no gozadas | H129: =H127*7% -> 708495.22 | I129: 0 | J129: =+(H127+H128+H129)*C120 -> 23345930
C131: 1 | D131: DIRECTOR DE CASTING (CAT 1) | E131: =' Tablas SAT, AAA & Sutep'!U4 -> 2481080.3
D132: Preproducción | E132: Mens | F132: =E131 -> 2481080.3 | G132: 2 | H132: =+G132*F132 -> 4962160.7
D133: Rodaje | E133: Mens | F133: =F132 -> 2481080.3 | G133: 2 | H133: =+G133*F133 -> 4962160.7
D134: Hs Extras x Mes. | E134: =22*3 -> 66 | F134: =(F133/150)*2 -> 33081.071 | G134: =+F138 -> 4 | H134: =+G134*F134*E134 -> 8733402.8
D135: Sábados | E135: Días | F135: 0 | H135: =+G135*F135 -> 0
D136: Domingos | E136: Días | F136: 0 | H136: =+G136*F136 -> 0
D137: Posproducción | E137: Mes | F137: =E131 -> 2481080.3 | G137: 0 | H137: =+G137*F137 -> 0
D138: Meses trabajados | E138: Total | F138: =+G132+G133+G137 -> 4 | G138: Remun. Bruta | H138: =SUM(H132:H137) -> 18657724
D139: SAC | E139: Total | H139: =H138*8.33% -> 1554188.4
D140: VAC no gozadas | H140: =H138*7% -> 1306040.7 | I140: 0 | J140: =+(H138+H139+H140)*C131 -> 21517953
C142: =SUM(C96:C139) -> 5
D144: EQUIPO TECNICO DE EXTERIORES
...

Sheet  Tablas SAT, AAA & Sutep
B2: Escala | C2: Bruto 7hs OCT-21 | D2: Bruto 8hs OCT-21 | E2: Bruto 9hs OCT-21 | F2: Bruto 10hs OCT-21 | G2: Bruto 11hs OCT-21 | H2: Bruto 12hs OCT-21 | I2: Bruto 13hs OCT-21 | J2: Funciones | T2: Estimado 1er semestre 2026
C3: A | F3: A | R3: SAT DIC 2025 | S3: 25% plus jefes | T3: 0.12 | U3: sat estimado 1er sem.26
B4: 1 | C4: =U4 -> 2481080.3 | D4: =+C4/150*1.5*1*22+C4 -> 3026918 | E4: =+C4/150*1.5*2*22+C4 -> 3572755.7 | F4: =+C4/150*1.5*3*22+C4 -> 4118593.4 | G4: =+C4/150*1.5*4*22+C4 -> 4664431 | H4: =+(C4/150*1.5*5*22+C4) -> 5210268.7 | I4: =+(C4+C4/150*1.5*6*22) -> 5756106.4 | J4: Director - Productor | R4: 1811007.6 | S4: =R4*0.25 -> 452751.89 | T4: =R4*$T$3 -> 217320.91 | U4: =SUM(R4:T4) -> 2481080.3
B5: 2 | C5: =U5 -> 1760747.4 | D5: =+C5/150*1.5*1*22+C5 -> 2148111.8 | E5: =+C5/150*1.5*2*22+C5 -> 2535476.3 | F5: =+C5/150*1.5*3*22+C5 -> 2922840.7 | G5: =+C5/150*1.5*4*22+C5 -> 3310205.1 | H5: =+(C5/150*1.5*5*22+C5) -> 3697569.6 | I5: =+(C5+C5/150*1.5*6*22) -> 4084934 | J5: Realizador - Escenógrafo - Iluminador | R5: 1572095.9 | T5: =R5*$T$3 -> 188651.51 | U5: =SUM(R5:T5) -> 1760747.4
B6: 3 | C6: =U6 -> 1533732.6 | D6: =+C6/150*1.5*1*22+C6 -> 1871153.8 | E6: =+C6/150*1.5*2*22+C6 -> 2208574.9 | F6: =+C6/150*1.5*3*22+C6 -> 2545996.1 | G6: =+C6/150*1.5*4*22+C6 -> 2883417.3 | H6: =+(C6/150*1.5*5*22+C6) -> 3220838.4 | I6: =+(C6+C6/150*1.5*6*22) -> 3558259.6 | J6: Asistente dirección - Vestuarista - Coordinador - Operador de cámaras / VTR | R6: 1369404.1 | T6: =R6*$T$3 -> 164328.49 | U6: =SUM(R6:T6) -> 1533732.6
B7: 4 | C7: =U7 -> 1416288.7 | D7: =+C7/150*1.5*1*22+C7 -> 1727872.2 | E7: =+C7/150*1.5*2*22+C7 -> 2039455.7 | F7: =+C7/150*1.5*3*22+C7 -> 2351039.3 | G7: =+C7/150*1.5*4*22+C7 -> 2662622.8 | H7: =+(C7/150*1.5*5*22+C7) -> 2974206.3 | I7: =+(C7+C7/150*1.5*6*22) -> 3285789.8 | J7: Operador de cámara - Sonidista - Op.tecn.video - Realizador escenografía | R7: 1264543.5 | T7: =R7*$T$3 -> 151745.22 | U7: =SUM(R7:T7) -> 1416288.7
B8: 5 | C8: =U8 -> 1306174.3 | D8: =+C8/150*1.5*1*22+C8 -> 1593532.6 | E8: =+C8/150*1.5*2*22+C8 -> 1880891 | F8: =+C8/150*1.5*3*22+C8 -> 2168249.3 | G8: =+C8/150*1.5*4*22+C8 -> 2455607.7 | H8: =+(C8/150*1.5*5*22+C8) -> 2742966 | I8: =+(C8+C8/150*1.5*6*22) -> 3030324.4 | J8: Ambientador - Asist.iluminación - Continuista - of.adm - técnico electricista | R8: 1166227.1 | T8: =R8*$T$3 -> 139947.25 | U8: =SUM(R8:T8) -> 1306174.3
B9: 6 | C9: =U9 -> 1204923.8 | D9: =+C9/150*1.5*1*22+C9 -> 1470007.1 | E9: =+C9/150*1.5*2*22+C9 -> 1735090.3 | F9: =+C9/150*1.5*3*22+C9 -> 2000173.6 | G9: =+C9/150*1.5*4*22+C9 -> 2265256.8 | H9: =+(C9/150*1.5*5*22+C9) -> 2530340.1 | I9: =+(C9+C9/150*1.5*6*22) -> 2795423.3 | J9: Asistente prod - Caracterizador - Utilero Realizador | R9: 1075824.9 | T9: =R9*$T$3 -> 129098.98 | U9: =SUM(R9:T9) -> 1204923.8
B10: 7 | C10: =U10 -> 1114812.9 | D10: =+C10/150*1.5*1*22+C10 -> 1360071.8 | E10: =+C10/150*1.5*2*22+C10 -> 1605330.6 | F10: =+C10/150*1.5*3*22+C10 -> 1850589.4 | G10: =+C10/150*1.5*4*22+C10 -> 2095848.3 | H10: =+(C10/150*1.5*5*22+C10) -> 2341107.1 | I10: =+(C10+C10/150*1.5*6*22) -> 2586366 | J10: Asistente arte - Asistente grip - Microfonista - Modista realizadora - Peinador - Reflectorista - Utilero - Logger | R10: 995368.67 | T10: =R10*$T$3 -> 119444.24 | U10: =SUM(R10:T10) -> 1114812.9
B11: 8 | C11: =U11 -> 1026488.5 | D11: =+C11/150*1.5*1*22+C11 -> 1252316 | E11: =+C11/150*1.5*2*22+C11 -> 1478143.5 | F11: =+C11/150*1.5*3*22+C11 -> 1703970.9 | G11: =+C11/150*1.5*4*22+C11 -> 1929798.4 | H11: =+(C11/150*1.5*5*22+C11) -> 2155625.9 | I11: =+(C11+C11/150*1.5*6*22) -> 2381453.4 | J11: Conductor de cámaras | R11: 916507.61 | T11: =R11*$T$3 -> 109980.91 | U11: =SUM(R11:T11) -> 1026488.5
B12: 9 | C12: =U12 -> 952241.28 | D12: =+C12/150*1.5*1*22+C12 -> 1161734.4 | E12: =+C12/150*1.5*2*22+C12 -> 1371227.4 | F12: =+C12/150*1.5*3*22+C12 -> 1580720.5 | G12: =+C12/150*1.5*4*22+C12 -> 1790213.6 | H12: =+(C12/150*1.5*5*22+C12) -> 1999706.7 | I12: =+(C12+C12/150*1.5*6*22) -> 2209199.8 | J12: Chofer - Modista | R12: 850215.43 | T12: =R12*$T$3 -> 102025.85 | U12: =SUM(R12:T12) -> 952241.28
B13: 10 | C13: =U13 -> 879458.44 | D13: =+C13/150*1.5*1*22+C13 -> 1072939.3 | E13: =+C13/150*1.5*2*22+C13 -> 1266420.2 | F13: =+C13/150*1.5*3*22+C13 -> 1459901 | G13: =+C13/150*1.5*4*22+C13 -> 1653381.9 | H13: =+(C13/150*1.5*5*22+C13) -> 1846862.7 | I13: =+(C13+C13/150*1.5*6*22) -> 2040343.6 | R13: 785230.75 | T13: =R13*$T$3 -> 94227.69 | U13: =SUM(R13:T13) -> 879458.44
B14: 11 | C14: =U14 -> 813192.18 | D14: =+C14/150*1.5*1*22+C14 -> 992094.46 | E14: =+C14/150*1.5*2*22+C14 -> 1170996.7 | F14: =+C14/150*1.5*3*22+C14 -> 1349899 | G14: =+C14/150*1.5*4*22+C14 -> 1528801.3 | H14: =+(C14/150*1.5*5*22+C14) -> 1707703.6 | I14: =+(C14+C14/150*1.5*6*22) -> 1886605.9 | R14: 726064.45 | T14: =R14*$T$3 -> 87127.734 | U14: =SUM(R14:T14) -> 813192.18
B15: 12 | C15: =U15 -> 751212.9 | D15: =+C15/150*1.5*1*22+C15 -> 916479.73 | E15: =+C15/150*1.5*2*22+C15 -> 1081746.6 | F15: =+C15/150*1.5*3*22+C15 -> 1247013.4 | G15: =+C15/150*1.5*4*22+C15 -> 1412280.2 | H15: =+(C15/150*1.5*5*22+C15) -> 1577547.1 | I15: =+(C15+C15/150*1.5*6*22) -> 1742813.9 | R15: 670725.8 | T15: =R15*$T$3 -> 80487.096 | U15: =SUM(R15:T15) -> 751212.9
J17: AAA | K17: Valor oct 2024
J18: Contratos Minimos | S18: AAA | T18: Valor dic´25 | U18: sat estimado 1er sem.26
J19: Minimo mensual unitario | K19: 3327194 | S19: Contratos Minimos
J20: Apuntador | K20: 3327194 | S20: Minimo mensual unitario | T20: 4918557 | U20: =+T20*1.12 -> 5508783.8
S21: Apuntador | T21: 4427417 | U21: =+T21*1.12 -> 4958707
J22: unitario de 60' | K22: 217915 | S22: Bolos
S23: unitario de 60' | T23: 289973 | U23: =+T23*1.12 -> 324769.76
I24: SUTEP | J24: bolo extra unitario | K24: 35278 | S24: SUTEP
S25: bolo extra unitario | T25: 44809 | U25: =+T25*1.12 -> 50186.08
